 Dungeon Crawl Stone Soup version 0.24-a0-497-g5a03d68f59 (webtiles) character file.

Game seed: 12976922748346461993

297 KristoblXynda the Slasher (level 6, 0/52 HPs)
             Began as a Draconian Gladiator on July 13, 2019.
             Was an Initiate of Gozag.
             Killed themself with a badly aimed fireball (4 damage)
             ... on level 5 of the Dungeon.
             The game lasted 00:05:13 (3611 turns).

KristoblXynda the Slasher (Draconian Gladiator)     Turns: 3611, Time: 00:05:14

Health: 0/52       AC:  7    Str: 16    XL:     6   Next: 12%
Magic:  6/6        EV: 13    Int: 11    God:    Gozag
Gold:   162        SH:  0    Dex: 12    Spells: 5/5 levels left

rFire    . . .     SeeInvis .   a - +0 long sword
rCold    . . .     Gourm    .   (no shield)
rNeg     . . .     Faith    .   (armour unavailable)
rPois    .         Spirit   .   b - +0 hat
rElec    .         Reflect  .   (no cloak)
rCorr    .         Harm     .   (no gloves)
MR       .....                  i - +0 pair of boots
Stlth    +.........             (no amulet)
HPRegen  0.17/turn              (no ring)
MPRegen  0.10/turn              (no ring)

@: gold aura, slowed, very slow
A: unfitting armour, cold-blooded, AC +6
a: Potion Petition, Call Merchant, Bribe Branch, Renounce Religion


You were on level 5 of the Dungeon.
You worshipped Gozag.
Gozag was aware of your devotion.
You were not hungry.

You visited 2 branches of the dungeon, and saw 6 of its levels.

You collected 208 gold pieces.
You paid 46 gold pieces to Gozag.

Inventory:

Hand Weapons
 a - a +0 long sword (weapon)
Missiles
 c - 5 throwing nets (quivered)
Armour
 b - a +0 hat (worn)
 i - a +0 pair of boots (worn)
Wands
 m - a wand of random effects (26)
 n - a wand of iceblast (5)
Scrolls
 g - a scroll of remove curse
 h - 2 scrolls of teleportation
 j - 3 scrolls of identify
 o - a scroll of enchant armour {unknown}
Potions
 e - 5 potions of curing
 k - a potion of might
 l - 2 potions of lignification
 p - a potion of mutation {unknown}
 q - a potion of resistance
Comestibles
 d - 7 rations


   Skills:
 + Level 3.9 Fighting
 * Level 5.3 Long Blades
 - Level 2.0 Throwing
 + Level 3.8 Dodging


You had 5 spell levels left.
You didn't know any spells.
Your spell library was empty.

Dungeon Overview and Level Annotations

Branches:
Dungeon (5/15)             Temple (1/1) D:4

Altars:
Ashenzari
Cheibriados
Dithmenos
Fedhas
Gozag
Hepliaklqana
Kikubaaqudgha
Makhleb
Nemelex Xobeh
Okawaru
Qazlal
Ru
Trog
Vehumet
Wu Jian
Yredelemnul
Zin
The Shining One


Innate Abilities, Weirdness & Mutations

Your plain brown scales are hard. (AC +6)
You cannot fit into any form of body armour.
You are cold-blooded and may be slowed by cold attacks.


Message History

Evoke which item? (* to show all) (? for menu, Esc to quit)
Okay, then.
You feel much better.
The orc priest hits you with a +0 hand axe of electrocution.
You are electrocuted!
* * * LOW HITPOINT WARNING * * *
The orc completely misses you.
Unknown command.
The orc priest hits you with a +0 hand axe of electrocution.
* * * LOW HITPOINT WARNING * * *
You see here a scroll of identify.
Evoke which item? (* to show all) (? for menu, Esc to quit)
Aiming: Random Effects
Press: ? - help, Shift-Dir - straight line, f - orc priest
Aim: an orc priest, wielding a +0 hand axe of electrocution (heavily wounded)
The fireball explodes!
The fireball engulfs the orc priest!
You kill the orc priest!
The fireball engulfs you.
You die...
Your body crumbles into a pile of gold.

#........#
#.....(.###
#.<.......#
#######.$o.....#
#.......###....#
#.###.#..o#....#
.......#.o....#
#####.###.######
.......@$.#
#####.##### # $


You could see an orc wizard.

Vanquished Creatures
  An orc priest (D:5)
  An iguana (D:4)
  An orc wizard (D:3)
  4 worker ants (D:4)
  3 gnolls (D:4)
  An ooze (D:3)
  A worm (D:2)
  A dart slug (D:2)
  A leopard gecko (D:3)
  6 orcs
  3 giant cockroaches
  10 goblins
  10 hobgoblins
  7 jackals
  2 quokkas
  A ball python (D:1)
  5 bats
  A frilled lizard (D:1)
  11 kobolds
  A quokka skeleton (D:4)
  10 rats
81 creatures vanquished.

Notes
Turn   | Place    | Note
-------+----------+-------------------------------------------
     0 | D:1      | KristoblXynda the Draconian Gladiator began the quest for
                  | the Orb.
     0 | D:1      | Reached XP level 1. HP: 17/17 MP: 1/1
   125 | D:1      | Reached XP level 2. HP: 21/24 MP: 2/2
   679 | D:1      | Reached XP level 3. HP: 28/30 MP: 3/3
  1044 | D:2      | Found an iron altar of Okawaru.
  1155 | D:2      | Found a blossoming altar of Fedhas.
  1315 | D:2      | Found a sparkling altar of Nemelex Xobeh.
  1367 | D:3      | Reached skill level 4 in Long Blades
  1443 | D:3      | Found a glowing golden altar of the Shining One.
  1486 | D:3      | Reached XP level 4. HP: 32/37 MP: 4/4
  2530 | D:4      | Reached XP level 5. HP: 36/45 MP: 5/5
  2662 | D:4      | Reached skill level 5 in Long Blades
  3069 | D:4      | Found a staircase to the Ecumenical Temple.
  3089 | Temple   | Entered the Ecumenical Temple
  3154 | Temple   | Became a worshipper of Gozag Ym Sagoz the Greedy
  3563 | D:4      | Found a bloodstained altar of Trog.
  3590 | D:5      | Entered Level 5 of the Dungeon
  3598 | D:5      | Reached XP level 6. HP: 34/52 MP: 6/6
  3611 | D:5      | Killed themself with a badly aimed fireball

Levels and vault maps discovered:
D:1:      lordsloth_arrival_two_stooges, layout_loops_corners
D:2:      layout_rooms, nemelex_altar_shiori, okawaru_trees_2,
          marbit_many_paths, first_ration
D:3:      layout_loops_corners, lemuel_coloured_pillars_altar,
          ebering_dispersal_statue_hall
D:4:      layout_basic, lightli_temple_of_fire, minmay_temple_entry_junction
D:5:      layout_basic, portal_sewer_entry_b, minivault_25,
          minmay_misc_feat_ornament, st_stairs_6
Temple:   dshaligram_water_room_temple

Skill      XL: |  1  2  3  4  5 |
---------------+----------------+-----
Throwing       | 2 |  2.0
Dodging        | 3 |  3.8
Long Blades    | 4 5 |  5.3
Fighting       | 3 |  3.9

Action                   |  1- 3 |  4- 6 || total
-------------------------+-------+-------++-------
Melee: Long sword        |   111 |   110 ||   221
       Tailslap          |    12 |    15 ||    27
  Use: Scroll            |       |     7 ||     7
       Potion            |       |     2 ||     2
 Stab: Sleeping          |     1 |     1 ||     2
  Eat: Chunk             |     2 |     5 ||     7
       Ration            |       |     1 ||     1
Armor: Skin              |    42 |    35 ||    77
Dodge: Dodged            |    88 |    93 ||   181
       Rpst.: Long sword |    22 |    24 ||    46

Table legend:
 A = Non-vault XP
 B = Vault XP
 C = Vault XP percentage of total XP
 D = Non-vault monster count
 E = Vault monster count
 F = Vault count percentage of total count
                 A         B        C        D         E       F
            +---------+---------+-------+---------+---------+-------
      Total |     424 |       1 |   0.2 |      80 |       1 |   1.2
            +---------+---------+-------+---------+---------+-------
        D:1 |      41 |       0 |   0.0 |      25 |       0 |   0.0
        D:2 |      35 |       1 |   2.8 |      18 |       1 |   5.3
        D:3 |      80 |       0 |   0.0 |      22 |       0 |   0.0
        D:4 |     222 |       0 |   0.0 |      13 |       0 |   0.0
        D:5 |      46 |       0 |   0.0 |       2 |       0 |   0.0
            +---------+---------+-------+---------+---------+-------
